 Dungeon Crawl Stone Soup version 0.18.1-48-g4cf74bf (webtiles) character file.

912 mario498 the Chopper (level 7, -5/61 HPs)
             Began as a Minotaur Gladiator on Aug 18, 2016.
             Was an Initiate of Trog.
             Slain by bpy6's ghost (12 damage)
             ... on level 5 of the Dungeon on Aug 26, 2016.
             The game lasted 01:03:55 (4410 turns).

mario498 the Chopper (Minotaur Gladiator)           Turns: 4410, Time: 01:03:56

Health: -5/61      AC:  4    Str: 22    XL:     7   Next: 82%
Magic:  6/6        EV: 14    Int:  5    God:    Trog [......]
Gold:   290        SH:  0    Dex: 10    Spells: 0 memorised, 6 levels left

rFire  . . .     SeeInvis .     a - +1 war axe
rCold  . . .     Gourm    .     r - +0 leather armour
rNeg   . . .     Faith    .     (no shield)
rPois  .         Spirit   .     c - +0 hat
rElec  .         Dismiss  .     (no cloak)
rCorr  +         Reflect  .     (no gloves)
SustAt .         Harm     .     g - +0 pair of boots
MR     .....                    (no amulet)
Stlth  +.........               (no ring)
                                s - ring of resist corrosion

@: not resistant to hostile enchantments, very unstealthy
A: retaliatory headbutt, horns 2
a: Burn Spellbooks, Renounce Religion


You were on level 5 of the Dungeon.
You worshipped Trog.
Trog was noncommittal.
You were not hungry.

You visited 2 branches of the dungeon, and saw 6 of its levels.

You collected 311 gold pieces.
You spent 21 gold pieces at shops.

Inventory:

Hand Weapons
 a - a +1 war axe (weapon)
Missiles
 j - 2 tomahawks (quivered)
 o - 2 throwing nets
Armour
 c - a +0 hat (worn)
 g - a +0 pair of boots (worn)
 r - a +0 leather armour (worn)
Jewellery
 s - a ring of resist corrosion (left hand)
Scrolls
 b - a scroll of teleportation
 e - a scroll of enchant weapon
 l - a scroll of enchant armour {unknown}
 q - 2 scrolls of identify
Potions
 d - 4 potions of curing
 k - 2 potions of haste
 m - a potion of lignification
 n - a potion of agility
Comestibles
 f - 5 bread rations
 h - 3 meat rations
 i - 2 beef jerkies
 p - a slice of pizza


   Skills:
 + Level 5.1 Fighting
 + Level 6.4 Axes
 + Level 2.8 Throwing
 + Level 4.7 Armour
 + Level 6.1 Dodging
 - Level 0.3 Stealth


You had 6 spell levels left.
You didn't know any spells.

Dungeon Overview and Level Annotations

Branches:
Dungeon (5/15)             Temple (1/1) D:5

Altars:
Ashenzari
Cheibriados
Dithmenos
Elyvilon
Fedhas
Gozag
Makhleb
Nemelex Xobeh
Okawaru
Pakellas
Qazlal
Ru
Sif Muna
Trog
Vehumet
Xom
Zin
The Shining One

Shops:
D:4 %

Annotations:
D:5 bpy6's ghost, amateur HOBe


Innate Abilities, Weirdness & Mutations

You reflexively headbutt those who attack you in melee.
You have a pair of horns on your head.


Message History

Bpy6's ghost hits you!
You closely miss bpy6's ghost.
You headbutt bpy6's ghost, but do no damage.
Bpy6's ghost is heavily damaged.
Bpy6's ghost completely misses you.
You barely miss bpy6's ghost.
Bpy6's ghost is heavily damaged.
Bpy6's ghost hits you. Bpy6's ghost closely misses you.
You closely miss bpy6's ghost.
Bpy6's ghost is heavily damaged.
Bpy6's ghost misses you.
You hit bpy6's ghost but do no damage.
You headbutt bpy6's ghost, but do no damage.
Bpy6's ghost is heavily damaged.
Bpy6's ghost hits you!
* * * LOW HITPOINT WARNING * * *
You hit bpy6's ghost but do no damage.
Bpy6's ghost is heavily damaged.
Bpy6's ghost hits you!
You die...

##.######## ######.......(รท.
...... ...........##### ....#
#####..##.# # . #...# #..##.# #
# .####...# #..##.# # ..
.......# ########..##.# #
#.##.#...# #.........##.##### #
#........###@...........[...#
#.##.##.......W.................
..........................<...>#
................................
................................
.#..##......#.###....#..#.#.#.#
#. #......................... #.
#.(#...####............... #..
#......## #.....#.........


You could see bpy6's ghost.

Vanquished Creatures
  Sigmund (D:3)
  A phantom (D:5)
  A centaur (D:5)
  A giant frog (D:4)
  A howler monkey (D:4)
  2 hounds (D:2)
  Jessica (D:2)
  An iguana (D:5)
  5 worker ants
  7 gnolls
  8 adders
  2 oozes
  3 adder skeletons (D:4)
  3 worms
  2 dart slugs (D:2)
  3 giant geckos
  3 orcs (D:5)
  3 ball pythons
  14 bats
  6 giant cockroaches
  4 goblins
  5 hobgoblins
  5 jackals
  A quokka (D:2)
  7 giant newts
  3 kobolds
  9 rats
  A bush (D:2)
103 creatures vanquished.

Notes
Turn   | Place    | Note
--------------------------------------------------------------
     0 | D:1      | mario498 the Minotaur Gladiator began the quest for the Orb.
     0 | D:1      | Reached XP level 1. HP: 18/18 MP: 0/0
   261 | D:1      | Reached XP level 2. HP: 25/25 MP: 1/1
   971 | D:2      | Found a faded altar to an unknown god.
  1019 | D:2      | Reached XP level 3. HP: 26/30 MP: 2/2
  1198 | D:2      | Noticed Jessica
  1203 | D:2      | Killed Jessica
  1203 | D:2      | Reached skill level 1 in Armour
  1203 | D:2      | Reached XP level 4. HP: 38/38 MP: 3/3
  1700 | D:2      | Reached XP level 5. HP: 33/45 MP: 4/4
  2172 | D:3      | Reached skill level 5 in Axes
  2396 | D:3      | Noticed Sigmund
  2406 | D:3      | Killed Sigmund
  2406 | D:3      | Reached skill level 5 in Dodging
  2406 | D:3      | Reached XP level 6. HP: 44/52 MP: 5/5
  2643 | D:4      | Found Umicvi's Food Emporium.
  2664 | D:4      | Bought a slice of pizza for 21 gold pieces
  2718 | D:4      | Found a radiant altar of Vehumet.
  2718 | D:4      | Found a shattered altar of Ashenzari.
  2718 | D:4      | Found a shadowy altar of Dithmenos.
  2718 | D:4      | Found a bloodstained altar of Trog.
  2718 | D:4      | Found a deep blue altar of Sif Muna.
  2736 | D:4      | Found a sparkling altar of Nemelex Xobeh.
  2742 | D:4      | Became a worshipper of Trog the Wrathful
  3067 | D:4      | Reached XP level 7. HP: 51/59 MP: 6/6
  3258 | D:5      | Entered Level 5 of the Dungeon
  3421 | D:5      | Found a staircase to the Ecumenical Temple.
  3488 | D:5      | Noticed bpy6's ghost (amateur HOBe)
  3523 | Temple   | Entered the Ecumenical Temple
  4000 | D:5      | Reached skill level 5 in Fighting
  4410 | D:5      | Slain by bpy6's ghost

Skill      XL: |  1  2  3  4  5  6  7 |
---------------+----------------------+-----
Axes           | 4 5 6 |  6.4
Fighting       | 3 4 5 |  5.1
Armour         | 1 2 3 4 |  4.7
Dodging        | 4 5 6 |  6.1
Throwing       | |  2.8
Stealth        | |  0.3

Action                   |  1- 3 |  4- 6 |  7- 9 || total
-------------------------+-------+-------+-------++-------
Melee: War axe           |    74 |   135 |    73 ||   282
       Headbutt          |     8 |    30 |    19 ||    57
Throw: Throwing net      |     3 |     4 |     2 ||     9
       Tomahawk          |       |     3 |     4 ||     7
  Use: Scroll            |     4 |     7 |       ||    11
       Potion            |     3 |     1 |     3 ||     7
  Eat: Chunk             |     1 |     6 |     5 ||    12
Armor: Leather armour    |    23 |    19 |     6 ||    48
Dodge: Dodged            |    51 |    62 |    39 ||   152
